Map: 10000 Feet LE

Players

Shader - Winner!

  • Race: Zerg Zerg
  • League: Diamond
  • Spawn Location: 11:00

runowskiii

  • Race: Terran Terran
  • League: Diamond
  • Spawn Location: 5:00

VOD

Have the link to the VOD?

Description

Time

  • Played on: Feb. 22, 2026, 12:38 p.m.
  • Length: 23:25
Show
View Real Time Build Order
Export as new Build Order

Shader Zerg - Winner!

Build Orders: Hatch First, Lurkers, Roach Hydra, Zergling Baneling 

Get SALT Encoding   

  12  0:03  Drone  
  13  0:11  Drone  
  14  0:17  Overlord  
  14  0:37  Drone x3  
  17  0:55  Hatchery  
  17  0:56  Extractor  
  15  0:59  Drone  
  16  1:14  Spawning Pool  
  15  1:18  Drone  
  15  1:22  Drone  
  17  1:30  Drone  
  18  1:36  Drone  
  19  1:42  Drone  
  20  1:53  Overlord  
  20  2:01  Queen  
  22  2:09  Queen  
  22  2:12  Zergling x2  
  25  2:15  Drone  
  25  2:18  Zergling x2  
  27  2:24  Metabolic Boost  
  27  2:34  Zergling x2  
  28  2:38  Zergling x4  
  30  2:46  Baneling Nest, Drone  
  30  2:48  Zergling x2  
  31  2:54  Zergling x2  
  31  2:57  Drone  
  33  2:59  Zergling x2  
  34  3:09  Drone  
  34  3:11  Overlord  
  34  3:12  Zergling x2  
  36  3:15  Overlord  
  35  3:35  Roach Warren, Drone x3  
  35  3:37  Drone x2  
  35  3:38  Drone  
  40  3:50  Zergling x4  
  40  3:52  Zergling x2  
  40  3:53  Zergling x4  
  45  3:57  Baneling x4  
  45  4:07  Extractor, Drone  
  45  4:09  Zergling x4  
  47  4:11  Zergling x2  
  48  4:18  Baneling x4  
  48  4:24  Zergling x2  
  48  4:25  Zergling x4  
  48  4:28  Overlord  
  45  4:46  Roach x4  
  45  4:47  Roach  
  45  4:48  Drone x3  
  57  4:57  Baneling  
  57  4:58  Baneling x3  
  56  5:10  Roach  
  56  5:11  Drone  
  56  5:12  Overlord  
  59  5:30  Baneling x4  
  56  5:48  Ravager  
  55  6:00  Drone  
  55  6:01  Drone x5  
  55  6:03  Extractor  
  57  6:04  Extractor  
  57  6:09  Drone x6  
  57  6:10  Drone  
  63  6:13  Hatchery  
  63  6:14  Lair  
  63  6:17  Spore Crawler  
  61  6:19  Spore Crawler  
  61  6:24  Ravager x2  
  62  6:35  Queen  
  62  6:36  Overlord  
  64  6:40  Drone x3  
  64  6:42  Extractor  
  64  6:45  Overlord x2, Evolution Chamber, Extractor  
  64  6:47  Evolution Chamber  
  63  6:55  Overlord x2  
  63  6:59  Overlord  
  63  7:22  Zerg Missile Weapons Level 1, Zerg Ground Armor Level 1  
  63  7:23  Hydralisk Den  
  63  7:25  Roach x5  
  63  7:26  Glial Reconstitution  
  63  7:29  Queen  
  72  7:30  Drone  
  72  7:36  Overseer  
  75  7:39  Drone x4  
  75  7:42  Drone x3  
  75  7:44  Drone  
  83  7:51  Drone x3  
  85  7:57  Lurker Den, Grooved Spines  
  85  8:05  Hydralisk x3  
  83  8:11  Overlord  
  82  8:28  Drone x2  
  82  8:33  Drone x3  
  87  8:40  Drone x6  
  93  8:46  Hydralisk  
  93  8:48  Muscular Augments  
  95  8:49  Hydralisk  
  95  8:50  Hydralisk x3  
  103  9:06  Drone  
  103  9:07  Drone  
  105  9:11  Overlord, Hydralisk x2  
  105  9:13  Hydralisk x2  
  105  9:15  Overlord x2  
  113  9:25  Zerg Missile Weapons Level 2  
  113  9:28  Zerg Ground Armor Level 2  
  113  9:32  Overlord  
  113  9:33  Overlord  
  113  9:41  Lurker  
  114  9:52  Drone  
  115  9:53  Drone x3  
  115  9:54  Drone x7  
  125  10:03  Infestation Pit  
  124  10:16  Overlord  
  124  10:17  Hydralisk x2  
  128  10:21  Centrifugal Hooks  
  128  10:23  Spire  
  128  10:26  Drone x2  
  128  10:27  Overlord  
  129  10:28  Lurker x3  
  94  10:57  Hydralisk x10  
  94  10:58  Hydralisk  
  116  11:05  Queen  
  116  11:07  Pneumatized Carapace  
  116  11:08  Drone  
  119  11:21  Hatchery  
  118  11:27  Overlord  
  118  11:29  Overlord  
  118  11:32  Mutalisk  
  118  11:33  Mutalisk  
  122  11:40  Overlord  
  122  11:41  Hydralisk x7  
  136  11:56  Mutalisk x3  
  123  12:34  Hydralisk x6  
  123  12:35  Mutalisk  
  123  12:36  Mutalisk x2  
  141  12:38  Overlord x4  
  116  13:02  Queen, Drone x2  
  116  13:03  Drone  
  121  13:11  Zerg Melee Weapons Level 1  
  121  13:15  Hive  
  121  13:24  Hydralisk  
  121  13:25  Hydralisk x11  
  145  13:29  Extractor  
  145  13:31  Extractor  
  143  13:40  Hatchery  
  142  13:44  Neural Parasite  
  142  13:47  Infestor  
  138  14:22  Roach x7  
  152  14:24  Overlord  
  152  14:25  Roach x5  
  122  15:14  Mutalisk x6  
  122  15:15  Mutalisk x5  
  122  15:17  Overlord x4  
  122  15:18  Overlord x2  
  144  15:30  Queen, Drone x2  
  144  15:31  Drone  
  144  15:33  Hatchery  
  148  15:42  Zerg Melee Weapons Level 2, Ultralisk Cavern  
  147  15:48  Drone  
  148  15:51  Extractor x2  
  146  15:59  Overseer  
  136  16:35  Mutalisk  
  136  16:36  Mutalisk x6  
  136  16:38  Zergling x10  
  136  16:39  Zergling x12  
  155  16:40  Zergling x16  
  90  17:31  Roach  
  90  17:32  Roach x5  
  90  17:33  Roach  
  90  17:34  Roach x4  
  90  17:36  Zergling x2  
  114  17:37  Zergling x8  
  115  18:03  Drone x3  
  118  18:08  Queen  
  120  18:18  Baneling x6  
  120  18:19  Baneling x2  
  120  18:32  Extractor  
  103  18:54  Hatchery  
  89  18:57  Ultralisk x3  
  89  18:58  Ultralisk  
  113  19:23  Drone  
  114  19:26  Extractor  
  114  19:29  Extractor  
  114  19:30  Mutalisk  
  114  19:31  Mutalisk x9  
  132  19:42  Zergling x12  
  136  19:58  Zergling x10  
  136  19:59  Zergling x12  
  147  20:10  Queen  
  147  20:12  Drone  
  150  20:15  Drone x4  
  150  20:16  Drone  
  155  20:24  Baneling  
  155  20:25  Baneling x11  
  155  20:30  Zerg Melee Weapons Level 3  
  155  20:38  Viper x3  
  164  20:48  Baneling x5  
  164  20:49  Baneling x5  
  164  20:52  Adrenal Glands  
  164  21:05  Overseer x2  
  164  21:09  Hatchery  
  163  21:19  Hydralisk  
  163  21:20  Hydralisk x3  
  163  21:21  Roach x3  
  163  21:22  Roach x2  
  181  21:47  Hydralisk  
  181  21:48  Hydralisk x2  
  187  22:06  Corruptor x3  
  187  22:07  Corruptor  
  195  22:09  Roach x2  
  199  22:35  Extractor  
  198  22:38  Extractor  
Show
View Real Time Build Order
Export as new Build Order

runowskiii Terran 

Build Orders: Reaper Expand 

Get SALT Encoding   

  12  0:00  SCV  
  13  0:12  SCV  
  14  0:17  Supply Depot  
  14  0:25  SCV  
  15  0:39  SCV  
  15  0:40  Barracks  
  16  0:44  Refinery  
  16  0:51  SCV  
  17  1:03  SCV  
  18  1:15  SCV  
  19  1:30  Orbital Command, Reaper  
  20  1:40  Command Center  
  20  1:55  Supply Depot  
  20  1:57  SCV  
  21  2:02  Marine  
  22  2:10  Factory  
  22  2:13  SCV  
  23  2:24  Barracks Reactor  
  23  2:25  SCV  
  23  2:26  Bunker  
  24  2:37  SCV  
  24  2:41  Barracks  
  24  2:42  Refinery  
  25  2:49  SCV  
  26  2:54  Orbital Command  
  26  3:00  Barracks  
  26  3:01  SCV  
  27  3:13  Marine, SCV, Starport  
  30  3:22  SCV  
  30  3:26  SCV  
  32  3:31  Marine x2  
  34  3:35  Factory Tech Lab  
  33  3:42  Supply Depot  
  33  3:48  Engineering Bay  
  33  3:52  Engineering Bay  
  33  3:57  Medivac  
  33  4:00  Barracks Reactor  
  35  4:03  Marine x3  
  35  4:05  Factory Reactor, Refinery  
  38  4:10  Stimpack  
  38  4:15  SCV x2  
  40  4:21  Marine  
  40  4:22  Marine  
  42  4:27  SCV x2  
  42  4:31  Barracks  
  44  4:32  Marine  
  38  4:39  SCV, Marine  
  33  4:46  Marine x2  
  33  4:50  Marine  
  33  4:51  Hellion x2  
  38  4:58  Marine  
  38  5:02  Liberator  
  39  5:12  Bunker  
  39  5:18  Terran Infantry Weapons Level 1, Terran Infantry Armor Level 1  
  38  5:46  Marine x2  
  38  5:49  Orbital Command  
  40  5:50  Widow Mine  
  40  5:51  Widow Mine  
  40  5:52  Liberator  
  46  6:01  SCV  
  46  6:06  Combat Shield  
  46  6:18  Marine x2  
  46  6:25  Marine  
  49  6:27  SCV x2  
  49  6:32  Armory  
  51  6:36  Marine x2  
  53  6:42  Marine  
  54  6:57  Supply Depot  
  54  6:58  Supply Depot  
  54  7:10  Marine x2  
  54  7:19  Marine x2  
  56  7:28  Marine x2  
  58  7:30  Factory Tech Lab  
  58  7:40  Barracks  
  58  7:43  Command Center  
  58  7:47  Barracks Tech Lab  
  58  7:48  Marine x3  
  58  7:49  Siege Tank  
  58  7:50  Medivac x2  
  68  7:51  SCV x2  
  68  7:53  Refinery  
  68  7:55  Refinery, Terran Infantry Weapons Level 2  
  70  8:14  Supply Depot  
  70  8:18  Supply Depot  
  70  8:26  SCV, Marauder  
  70  8:35  Marine x2, Medivac, SCV, Marauder  
  70  8:38  Supply Depot  
  70  8:40  Siege Tank  
  80  8:52  Terran Infantry Armor Level 2  
  80  8:56  Orbital Command  
  80  8:58  Concussive Shells  
  80  9:05  SCV x2  
  82  9:13  Marine x5  
  87  9:17  Orbital Command, SCV  
  88  9:25  SCV  
  88  9:29  SCV  
  88  9:31  Marine  
  91  9:36  Barracks Reactor  
  91  9:37  Marine x3, SCV  
  95  9:57  Marine x4  
  99  10:11  Medivac x2  
  103  10:15  Marine x3  
  103  10:16  Terran Infantry Weapons Level 3, Command Center  
  103  10:17  Supply Depot  
  103  10:18  SCV x2  
  108  10:25  Command Center  
  99  10:47  Marine x3, Marauder x2  
  99  10:48  Marine, Siege Tank, Medivac  
  93  10:59  Liberator  
  96  11:04  Marine  
  96  11:05  Starport, Marine x2  
  96  11:07  Fusion Core  
  96  11:08  Marauder  
  96  11:09  Marauder, Terran Infantry Armor Level 3  
  103  11:13  Marine  
  103  11:15  SCV  
  105  11:22  Marine  
  105  11:23  Marine x2  
  108  11:37  Orbital Command  
  108  11:45  Ghost Academy  
  108  11:47  Barracks  
  108  11:51  Marauder x2, Marine x2  
  108  11:52  Marine x2  
  116  11:54  Starport Tech Lab  
  111  12:09  Marine x2  
  111  12:10  Marine x2  
  111  12:12  Marine  
  104  12:42  Marine  
  104  12:43  Marine x4, Marauder  
  110  12:44  Siege Tank  
  110  12:45  Raven  
  110  12:46  Liberator  
  110  12:47  Liberator  
  116  13:00  Marine  
  116  13:01  Marine x4  
  116  13:04  Marine  
  120  13:06  Personal Cloaking  
  120  13:08  Barracks Tech Lab  
  120  13:18  Marine  
  121  13:32  Planetary Fortress  
  121  14:01  Orbital Command  
  101  14:21  SCV  
  102  14:25  Marine  
  102  14:26  Marine x2, Marauder  
  102  14:27  SCV x3  
  88  15:02  Marine, Marauder  
  80  15:07  Marine  
  80  15:08  Marauder  
  77  15:16  Marine, Marauder  
  77  15:17  Marine, Siege Tank, Liberator  
  77  15:18  Liberator  
  90  15:21  Missile Turret  
  90  15:23  Sensor Tower  
  90  15:24  Marauder  
  90  15:27  Nuke  
  92  15:31  SCV  
  93  15:41  Command Center  
  93  15:59  Marauder x3, Marine  
  93  16:00  Marine x3, Siege Tank  
  93  16:01  Viking  
  93  16:02  Viking, Raven  
  112  16:06  SCV  
  112  16:07  SCV  
  113  16:17  Marine x4  
  115  16:20  Marauder x2  
  115  16:21  Marine  
  109  16:35  Marine x4  
  109  16:39  Marine  
  109  16:41  Marine x2  
  101  16:53  Marine  
  57  17:12  Marine x4, Marauder  
  57  17:15  Orbital Command  
  45  17:30  Marine x4  
  45  17:33  Marine  
  45  17:35  Siege Tank, Liberator  
  45  17:36  Liberator  
  58  17:47  Marine  
  58  17:48  Marine x3  
  62  17:51  Marine  
  63  18:03  SCV x3  
  63  18:04  SCV  
  67  18:05  Marine  
  67  18:06  Marine x3  
  67  18:11  Orbital Command  
  71  18:15  SCV  
  72  18:25  Siege Tank  
  72  18:26  Liberator x2  
  72  18:27  Raven  
  83  18:28  Marauder  
  83  18:30  SCV x3  
  78  18:57  Marauder x2  
  78  18:58  Marauder, Marine x2  
  78  18:59  Siege Tank  
  89  19:13  Medivac x2  
  89  19:16  Marine, SCV x2  
  96  19:17  SCV  
  96  19:18  Ghost  
  99  19:34  Advanced Ballistics  
  99  19:37  Terran Ship Weapons Level 1  
  99  19:38  SCV  
  99  19:39  SCV x2  
  99  19:43  SCV  
  100  19:58  Refinery  
  100  19:59  Missile Turret, Refinery  
  97  20:02  Sensor Tower  
  97  20:03  SCV x2  
  97  20:04  SCV  
  97  20:05  SCV  
  101  20:08  Sensor Tower  
  101  20:13  Marine x2, Marauder x3  
  109  20:15  Siege Tank  
  109  20:19  Medivac  
  109  20:20  Raven  
  116  20:25  SCV  
  116  20:26  SCV x3  
  120  20:31  Marine x2, Viking  
  120  20:34  Marine  
  120  20:35  Marine x2  
  126  20:39  Supply Depot  
  126  20:40  Supply Depot  
  127  20:48  Marine  
  127  20:49  Marine  
  129  20:52  Marauder, Supply Depot  
  129  20:53  Marine  
  132  21:12  Nuke  
  132  21:26  Command Center  
  132  21:27  Command Center  
  132  21:35  Ghost x2, Marauder  
  132  21:37  Siege Tank  
  132  21:38  Liberator  
  132  21:39  SCV  
  145  21:43  SCV x3  
  148  21:51  SCV  
  149  21:55  SCV, Ghost  
  152  22:02  Marine  
  152  22:03  Marine  
  154  22:11  Barracks  
  154  22:16  SCV x2  
  156  22:25  Refinery, Supply Depot  
  156  22:26  Supply Depot  
  156  22:27  Refinery  
  156  22:37  Command Center, SCV x2  
  156  22:39  Orbital Command  
  91  23:07  Marine  
Tags
 
Add a new tag
Caveats
  • Supply blocks, unpowered buildings, or Contaminate may cause inaccurate times.
  • Supply counts are checked every 10 seconds.